AoeStats
← Dr. Oranje

Arena

506910948Analyzed
3v3 RM · 17d ago on Sep 15, 2026· 46m 14s· 6 players
Game mode
Random Map
Map size
Normal (6 player)
Population
200
Speed
Normal
Resources
Standard
Victory
Conquest
Starting age
Dark Age
Ending age
Imperial Age
RankedLock teamsTeams togetherTeam positionsShared explorationLock speedFull tech treeHidden civsTurbo modeCheats
Victory
Defeat
🇮🇳 Khmer · India
1212
+13
🇺🇸 Spanish · United States
1203
+14
🇦🇷 Persians · Argentina
1176
+15
🇳🇱 Wu · Netherlands
1232
-17
🇳🇱 Mongols · Netherlands
1201
-16
🇳🇱 Koreans · Netherlands
1031
-9
DodgeViper97410
9:29 Feudal Age
11:13 Loom
14:28 Castle Age
12:48 Double-Bit Axe
15:37 Fervor
17:44 Sanctity
22:06 Redemption
23:18 Horse Collar
25:43 Bow Saw
26:34 Fletching
28:14 Heavy Plow
28:09 Elite Skirmisher
29:28 Bodkin Arrow
29:34 Padded Archer Armor
33:13 Imperial Age
31:07 Leather Archer Armor
31:39 Wheelbarrow
31:49 Ballistics
31:41 Fortified Wall
33:57 Bracer
34:27 Ring Archer Armor
34:24 Conscription
34:47 Scale Barding Armor
35:46 Hand Cart
35:55 Husbandry
35:40 Light Cavalry
36:57 Squires
36:18 Pikeman
37:27 Chain Barding Armor
37:18 Forging
37:19 Bloodlines
39:20 Chemistry
38:33 Masonry
38:01 Elite Conquistador
39:26 Scale Mail Armor
40:26 Iron Casting
40:33 Chain Mail Armor
39:40 Halberdier
42:29 Blast Furnace
46:27 Plate Mail Armor
47:54 Two-Man Saw
newats2007
10:25 Feudal Age
9:26 Loom
14:00 Castle Age
34:15 Imperial Age
34:13 Forging
33:54 Fletching
34:04 Padded Archer Armor
34:05 Scale Mail Armor
35:30 Wheelbarrow
35:09 Horse Collar
36:20 Ballistics
37:10 Double Crossbow
37:45 Leather Archer Armor
38:44 Hand Cart
38:15 Town Watch
41:40 Chemistry
41:18 Iron Casting
40:40 Bodkin Arrow
40:40 Light Cavalry
42:12 Heavy Scorpion
43:57 Blast Furnace
42:58 Bracer
43:28 Ring Archer Armor
43:46 Bloodlines
44:22 Scale Barding Armor
44:33 Chain Mail Armor
46:21 Conscription
45:39 Hussar
46:21 Husbandry
oMg
10:44 Feudal Age
14:23 Castle Age
12:32 Double-Bit Axe
16:29 Bloodlines
19:14 Town Watch
19:17 Loom
20:17 Wheelbarrow
23:40 Scale Barding Armor
23:46 Forging
24:39 Forging
25:52 Hand Cart
27:05 Bow Saw
26:39 Horse Collar
27:29 Heavy Plow
28:12 Husbandry
28:35 Chain Barding Armor
31:30 Imperial Age
30:25 Iron Casting
31:06 Cavalier
32:57 Crop Rotation
33:29 Two-Man Saw
32:25 Gold Mining
32:45 Savar
35:03 Blast Furnace
35:23 Plate Barding Armor
37:33 Gold Shaft Mining
Dr. Oranje
12:53 Feudal Age
13:40 Double-Bit Axe
18:42 Castle Age
18:17 Wheelbarrow
18:46 Pikeman
20:19 Horse Collar
24:39 Thumb Ring
26:25 Fletching
27:55 Gold Mining
27:55 Stone Mining
31:43 Hand Cart
35:33 Scale Mail Armor
35:44 Forging
39:59 Chain Mail Armor
40:19 Iron Casting
43:30 Bodkin Arrow
47:39 Imperial Age
47:46 Imperial Age
46:46 Squires
Gerrit van Rivia
10:12 Feudal Age
15:14 Castle Age
13:02 Double-Bit Axe
14:28 Scale Mail Armor
14:48 Forging
18:25 Pikeman
21:45 Town Watch
25:31 Iron Casting
35:22 Chain Mail Armor
41:00 Wheelbarrow
Piet Hoane
9:13 Feudal Age
11:24 Horse Collar
11:46 Double-Bit Axe
14:33 Castle Age
13:22 Horse Collar
16:58 Bow Saw
18:35 Loom
24:10 Wheelbarrow
23:46 Heavy Plow
25:28 Fletching
26:27 Gold Mining
27:22 Hand Cart
27:28 Bodkin Arrow
27:34 Padded Archer Armor
31:37 Imperial Age
30:26 Ballistics
30:53 Masonry
31:22 Leather Archer Armor
32:33 Bracer
33:35 Chemistry
32:55 Shipwright
32:04 Elite Mangudai
33:05 Conscription
33:06 Bloodlines
32:57 Husbandry
33:56 Scale Barding Armor
34:02 Forging
33:25 Elite Steppe Lancer
33:48 Heavy Camel Rider
36:09 Chain Barding Armor
38:33 Iron Casting
39:41 Hoardings
43:18 Thumb Ring
44:10 Parthian Tactics
45:06 Murder Holes
Connection lost

Rejoining the realm…

Still unreachable

The connection could not be restored.

Session expired

The server has moved on; the page needs a fresh start.